[Event "Titled Tuesday Blitz November 22 Late 2022"]
[White "Kuzmicz, Krystian"]
[Black "Fedoseev, Vladimir"]
[WhiteFideId "1119125"]
[BlackFideId "24130737"]
[WhiteElo "2380"]
[BlackElo "2726"]
[Result "0-1"]
[Round "02"]
[TimeControl "180+1"]
[Date "2022.11.22"]
[WhiteClock "0:00:06"]
[BlackClock "0:00:07"]

1. e4 c5 2. d3 d5 3. exd5 Nf6 4. c4 e6 5. dxe6 Bxe6 6. Nc3 Nc6 7. Nf3 Bd6 8. Be2 O-O 9. h3 h6 10. Be3 Re8 11. O-O Qd7 12. d4 Bxh3 13. dxc5 Bc7 14. Qxd7 Bxd7 15. Nd5 Bd8 16. Rfd1 Ng4 17. Nd4 Nxe3 18. Nxe3 Bf6 19. Nxc6 Bxc6 20. Rab1 a5 21. Kf1 Rac8 22. a3 a4 23. Nd5 Be7 24. Nxe7+ Rxe7 25. Rd2 Re5 26. Rbd1 Rce8 27. f3 Rxc5 28. Kf2 Kf8 29. Rd8 h5 30. Rxe8+ Kxe8 31. Ke3 Re5+ 32. Kd3 h4 33. Bf1 Ke7 34. Kd4 f6 35. Rd2 g5 36. Re2 Kd6 37. Rxe5 fxe5+ 38. Kc3 Kc5 39. Kd3 b5 40. Kc3 bxc4 41. Bxc4 e4 42. fxe4 Bxe4 43. Bf1 g4 44. b3 axb3 45. Kxb3 Kd4 46. a4 Ke3 47. a5 Kf2 48. Bc4 Kxg2 49. Kc3 h3 50. Kd4 Ba8 51. a6 h2 52. Bd5+ Bxd5 53. Kxd5 h1=Q 0-1


[Site "https://www.chess.com"]

[Event "Titled Tuesday Blitz November 22 Late 2022"]
[White "Lewtak, Damian"]
[Black "Torres Boch, Jose Francisco"]
[WhiteFideId "1141724"]
[BlackFideId "2278383"]
[WhiteElo "2329"]
[BlackElo "2073"]
[Result "1/2-1/2"]
[Round "02"]
[TimeControl "180+1"]
[Date "2022.11.23"]
[WhiteClock "0:00:30"]
[BlackClock "0:00:11"]

1. e4 c5 2. Nf3 d6 3. Bb5+ Nd7 4. O-O a6 5. Bd3 Ngf6 6. Re1 e6 7. c4 Be7 8. Nc3 Ne5 9. Bf1 Nxf3+ 10. Qxf3 Bd7 11. d3 Bc6 12. Qg3 Qd7 13. b3 h5 14. Bg5 O-O-O 15. Qh4 Ng8 16. Bxe7 Qxe7 17. Qxe7 Nxe7 18. Rab1 e5 19. a3 f5 20. b4 b6 21. g3 g5 22. a4 f4 23. a5 bxa5 24. bxa5 Kc7 25. Rb2 Rb8 26. Reb1 Rxb2 27. Rxb2 Rb8 28. Rxb8 Kxb8 29. f3 Bb7 30. h4 gxh4 31. gxf4 exf4 32. Bh3 Nc6 33. Ne2 Nxa5 34. Nxf4 Bc6 35. Nd5 Bxd5 36. cxd5 Kc7 37. Bf1 Nb3 38. d4 a5 39. dxc5 Nxc5 40. Kh2 a4 41. Kh3 a3 42. Bc4 Kd7 43. Kxh4 Ke7 44. Kxh5 Kf6 45. Kg4 Nd3 46. f4 Nb2 47. Bb3 Nd3 48. Kf3 Nc5 49. Bc4 Nd3 50. Ke3 Nb4 51. Kd4 a2 52. Bxa2 Nxa2 53. Kc4 Nc1 54. Kb5 Ne2 55. Kc6 Ke7 56. f5 Nc3 57. f6+ Kxf6 58. Kxd6 Nxe4+ 59. Kd7 Ke5 60. Kc6 Nd6 61. Kc5 Nf5 62. Kc4 Nd6+ 63. Kc5 Nf5 64. Kc6 Nd6 65. Kd7 Nf5 66. Ke8 Nd6+ 67. Ke7 Nf5+ 68. Kf7 Nd6+ 69. Kg6 Kxd5 1/2-1/2


[Site "https://www.chess.com"]

[Event "Titled Tuesday Blitz November 22 Late 2022"]
[White "Maatman, Nick"]
[Black "Doluhanova, Evgeniya"]
[WhiteFideId "1040391"]
[BlackFideId "14112035"]
[WhiteElo "2602"]
[BlackElo "2164"]
[Result "1-0"]
[Round "02"]
[TimeControl "180+1"]
[Date "2022.11.23"]
[WhiteClock "0:00:51"]
[BlackClock "0:00:43"]

1. d4 Nf6 2. c4 e6 3. Nf3 b6 4. g3 Bb7 5. Bg2 Be7 6. O-O O-O 7. d5 exd5 8. Nh4 c6 9. cxd5 Nxd5 10. Nf5 Nc7 11. Nc3 d5 12. e4 Nba6 13. Qg4 Bf6 14. Bh6 Ne6 15. exd5 cxd5 16. Rad1 Bxc3 17. bxc3 Qf6 18. Rfe1 Nac5 19. h4 Rfe8 20. c4 g6 21. Nd6 Reb8 22. Nxb7 Rxb7 23. cxd5 Ng7 24. d6 Nf5 25. Bg5 1-0


[Site "https://www.chess.com"]

[Event "Titled Tuesday Blitz November 22 Late 2022"]
[White "Maksimovic, Bojan"]
[Black "Khater, Sherif"]
[WhiteFideId "14408120"]
[BlackFideId "2034280"]
[WhiteElo "2447"]
[BlackElo "2488"]
[Result "1-0"]
[Round "02"]
[TimeControl "180+1"]
[Date "2022.11.23"]
[WhiteClock "0:00:07"]
[BlackClock "0:00:29"]

1. e4 e5 2. Nf3 Nc6 3. c3 d6 4. d4 Be7 5. Bd3 Nf6 6. h3 h6 7. O-O O-O 8. Nbd2 Bd7 9. Re1 Re8 10. dxe5 Nxe5 11. Nxe5 dxe5 12. Qc2 Bc5 13. b4 Bb6 14. Nc4 Be6 15. a4 a6 16. a5 Ba7 17. Be3 Bxe3 18. Nxe3 Qe7 19. Rad1 Red8 20. Bc4 Rxd1 21. Rxd1 Rd8 22. Rxd8+ Qxd8 23. Bxe6 fxe6 24. Nc4 Nd7 25. Qd3 Qe7 26. Qd1 Kh7 27. g3 Kg8 28. Kg2 Nf6 29. Qf3 Nd7 30. Qh5 Qf7 31. Qd1 Qe7 32. h4 Nf6 33. Nxe5 Nxe4 34. Qf3 Nd6 35. c4 Qf6 36. c5 Qxe5 37. cxd6 Qxd6 38. Qxb7 Kh7 39. b5 axb5 40. a6 c6 41. a7 Qd5+ 42. Kh2 Qc5 43. Kg1 Qc1+ 44. Kg2 Qc5 45. a8=Q Qd5+ 46. Kh2 Qf3 47. Qxc6 Qxf2+ 48. Qg2 Qf5 49. Qae4 Kg6 50. g4 1-0


[Site "https://www.chess.com"]

[Event "Titled Tuesday Blitz November 22 Late 2022"]
[White "Manelyuk, Daniil"]
[Black "Fier, Alexandr"]
[WhiteFideId "44173920"]
[BlackFideId "2107139"]
[WhiteElo "2209"]
[BlackElo "2617"]
[Result "1-0"]
[Round "02"]
[TimeControl "180+1"]
[Date "2022.11.23"]
[WhiteClock "0:00:07"]
[BlackClock "0:01:11"]

1. e4 Nf6 2. e5 Nd5 3. d4 d6 4. c4 Nb6 5. f4 g6 6. Nc3 Bg7 7. Be3 O-O 8. Nf3 Be6 9. b3 dxe5 10. fxe5 c5 11. d5 Bg4 12. Bf4 N8d7 13. Qe2 e6 14. d6 f6 15. Ne4 fxe5 16. Bg5 Qe8 17. h3 Bxf3 18. gxf3 Nf6 19. Bxf6 Bxf6 20. O-O-O Nd7 21. Bg2 a6 22. Kb1 b5 23. cxb5 axb5 24. Qxb5 Qf7 25. f4 Rfb8 26. Qc4 Rb4 27. Qc2 Rc8 28. Nxf6+ Qxf6 29. fxe5 Qxe5 30. Rhe1 Qf6 31. Rxe6 Qxe6 32. Bd5 Qxd5 33. Rxd5 c4 34. Rd4 Rb6 35. Qe4 cxb3 36. Qe6+ Kh8 37. axb3 Rb7 38. Rc4 Rcb8 39. Kc2 Nf8 40. Qf6+ Kg8 41. Rc7 Rxc7+ 42. dxc7 Rc8 43. Qe7 g5 44. b4 g4 45. hxg4 h5 46. gxh5 Kh8 47. h6 Ne6 48. Qxe6 Rxc7+ 49. Kd3 Rf7 50. Qe5+ Kh7 51. b5 Rd7+ 52. Kc4 Kg8 53. Qe6+ Kh8 54. Qxd7 1-0


[Site "https://www.chess.com"]

[Event "Titled Tuesday Blitz November 22 Late 2022"]
[White "Marcolino, Daniel Mattos"]
[Black "Sztokbant, Bernardo Vainzoff"]
[WhiteFideId "2106841"]
[BlackFideId "2115956"]
[WhiteElo "2085"]
[BlackElo "2228"]
[Result "0-1"]
[Round "02"]
[TimeControl "180+1"]
[Date "2022.11.23"]
[WhiteClock "0:00:38"]
[BlackClock "0:01:59"]

1. d4 g6 2. Nf3 Bg7 3. g3 d6 4. Bg2 Nf6 5. O-O O-O 6. b3 Nc6 7. Bb2 e5 8. dxe5 Ng4 9. Qc1 Ngxe5 10. Nxe5 Nxe5 11. c4 c6 12. Rd1 Qe7 13. Nc3 Bg4 14. Qd2 Rad8 15. h3 Bc8 16. Kh2 Rfe8 17. f4 Nd7 18. e4 Nc5 19. b4 Ne6 20. Ne2 Nc7 21. Bxg7 Kxg7 22. Qb2+ Qf6 23. Qxf6+ Kxf6 24. a4 Be6 25. Rac1 Na6 26. b5 Nc5 27. bxc6 bxc6 28. Nd4 Bd7 29. e5+ dxe5 30. fxe5+ Rxe5 31. Nxc6 Bxc6 32. Bxc6 Rxd1 33. Rxd1 Re2+ 34. Kg1 Rc2 35. Rd5 Ne4 36. Rd6+ Nxd6 37. Be4 Nxe4 0-1


[Site "https://www.chess.com"]

[Event "Titled Tuesday Blitz November 22 Late 2022"]
[White "Melkumyan, Hrant"]
[Black "Machidon, Cristi"]
[WhiteFideId "13302485"]
[BlackFideId "13904590"]
[WhiteElo "2604"]
[BlackElo "2333"]
[Result "1-0"]
[Round "02"]
[TimeControl "180+1"]
[Date "2022.11.22"]
[WhiteClock "0:00:16"]
[BlackClock "0:00:06"]

1. d4 Nf6 2. c4 e6 3. Bf4 d5 4. e3 b6 5. Nc3 Bb7 6. Rc1 a6 7. cxd5 exd5 8. Nge2 Bd6 9. Bxd6 Qxd6 10. Ng3 O-O 11. Bd3 g6 12. O-O Nbd7 13. a3 c5 14. dxc5 bxc5 15. Be2 Rab8 16. Bf3 Rfd8 17. Nce4 Qe7 18. Nxf6+ Nxf6 19. Qc2 d4 20. Bxb7 Rxb7 21. exd4 cxd4 22. Rfd1 Qe5 23. b4 a5 24. Qc6 Rbd7 25. bxa5 Rd6 26. Qc7 R8d7 27. Qb8+ Kg7 28. Qb4 d3 29. Qc3 Qxc3 30. Rxc3 Rd5 31. h3 d2 32. Nf1 Ne4 33. Re3 f5 34. f3 Nc5 35. Rc3 Na4 36. Rc2 Rxa5 37. Rdxd2 Rxd2 38. Nxd2 Nb6 39. Rc6 Rb5 40. Rc7+ Kh6 41. Rb7 Rd5 42. Rxb6 Rxd2 43. Rb4 Ra2 44. a4 g5 45. h4 gxh4 46. Rxh4+ Kg5 47. Rb4 h5 48. Kh2 Ra1 49. Kg3 Ra3 50. Kh3 Ra2 51. f4+ Kg6 52. Rb6+ Kf7 53. Ra6 Ke7 54. g3 Ra3 55. Kh4 Kd7 56. Rf6 Rxa4 57. Rxf5 1-0


[Site "https://www.chess.com"]

[Event "Titled Tuesday Blitz November 22 Late 2022"]
[White "Mesa Cruz, Juan Carlos"]
[Black "Petrovic, Aleksa"]
[WhiteFideId "6423400"]
[BlackFideId "967629"]
[WhiteElo "2059"]
[BlackElo "2224"]
[Result "0-1"]
[Round "02"]
[TimeControl "180+1"]
[Date "2022.11.23"]
[WhiteClock "0:00:02"]
[BlackClock "0:00:20"]

1. c4 Nf6 2. Nc3 e5 3. g3 Bb4 4. Bg2 O-O 5. e4 Bxc3 6. dxc3 d6 7. Ne2 Nc6 8. O-O Be6 9. Qd3 Qd7 10. b4 Bh3 11. Bg5 Bxg2 12. Kxg2 Ne8 13. c5 f6 14. Be3 a6 15. Rad1 Rd8 16. a4 Ne7 17. Nc1 Qxa4 18. Rd2 d5 19. Rfd1 c6 20. f4 Nc7 21. fxe5 fxe5 22. Bg5 Rf7 23. Qe2 h6 24. exd5 cxd5 25. Qxe5 Nc6 26. Qe3 hxg5 27. Qxg5 Rdf8 28. h4 Qb5 29. Nd3 Qc4 30. Nf4 Qe4+ 31. Kh2 Ne6 32. Nxe6 Qxe6 33. Rg2 Ne5 0-1


[Site "https://www.chess.com"]

[Event "Titled Tuesday Blitz November 22 Late 2022"]
[White "Mikhalsky, Vladimir"]
[Black "Roque Sola, Gisela"]
[WhiteFideId "14144352"]
[BlackFideId "5120241"]
[WhiteElo "2271"]
[BlackElo "1961"]
[Result "1/2-1/2"]
[Round "02"]
[TimeControl "180+1"]
[Date "2022.11.23"]
[WhiteClock "0:00:21"]
[BlackClock "0:01:26"]

1. e4 c5 2. Nf3 Nc6 3. d4 cxd4 4. Nxd4 Nf6 5. Nc3 e5 6. Ndb5 d6 7. Bg5 a6 8. Na3 b5 9. Nd5 Be7 10. Bxf6 Bxf6 11. c3 Ne7 12. Nxf6+ gxf6 13. Nc2 d5 14. exd5 Nxd5 15. c4 bxc4 16. Bxc4 Qa5+ 17. Qd2 Qxd2+ 18. Kxd2 Be6 19. Bxd5 Rd8 20. Ne3 Bxd5 21. Nxd5 Rxd5+ 22. Ke3 Ke7 23. Rhd1 Rhd8 24. Rxd5 Rxd5 25. Rc1 Kd7 26. Rc4 Rb5 27. b3 a5 28. Rh4 Ke6 29. Rxh7 a4 30. bxa4 Ra5 31. Rh4 f5 32. Rb4 Kf6 33. g4 fxg4 34. Rxg4 Kf5 35. h3 f6 36. Kf3 Rc5 37. Rb4 Rc3+ 38. Kg2 Ra3 39. h4 Rxa2 40. Kg3 Ra3+ 41. f3 Kg6 42. Rg4+ Kh5 43. Rb4 Kg6 44. Kg4 f5+ 45. Kg3 e4 46. Kf4 exf3 47. Rb6+ Kh5 48. Kxf5 Rxa4 49. Rb3 f2 50. Rf3 Ra8 51. Ke4 Re8+ 52. Kd3 Rd8+ 53. Ke2 Kxh4 54. Kxf2 Ra8 55. Re3 Kg4 56. Re4+ Kf5 57. Re3 Kf4 58. Re2 Ra3 59. Rd2 Rh3 60. Rd4+ Ke5 61. Rg4 Rh2+ 62. Rg2 Rxg2+ 63. Kxg2 1/2-1/2


[Site "https://www.chess.com"]

[Event "Titled Tuesday Blitz November 22 Late 2022"]
[White "Milchev, Nikolay"]
[Black "Rengifo Blancas, Renzo Jhonathan"]
[WhiteFideId "2906090"]
[BlackFideId "3807185"]
[WhiteElo "2449"]
[BlackElo "2058"]
[Result "1-0"]
[Round "02"]
[TimeControl "180+1"]
[Date "2022.11.23"]
[WhiteClock "0:01:10"]
[BlackClock "0:00:01"]

1. Nf3 Nf6 2. c4 c6 3. Nc3 d5 4. cxd5 cxd5 5. d4 Nc6 6. Bf4 a6 7. Rc1 Bg4 8. Ne5 e6 9. Nxg4 Nxg4 10. e3 Nf6 11. Bd3 Be7 12. O-O O-O 13. a3 Rc8 14. b4 b5 15. Nb1 h6 16. Nd2 Nd7 17. Nb3 Nb6 18. Nc5 Bxc5 19. dxc5 Nc4 20. Bxc4 dxc4 21. Bd6 Re8 22. Qc2 Qf6 23. Rcd1 Red8 24. Rd2 Rd7 25. Rfd1 Rcd8 26. Qe4 Ne7 27. Qc2 Nf5 28. e4 Nxd6 29. Rxd6 Rxd6 30. cxd6 e5 31. Qd2 c3 32. Qxc3 Rxd6 33. Rxd6 Qxd6 34. g3 Kh7 35. Qf3 Kg8 36. Qf5 g6 37. Qc8+ Kg7 38. Qc3 Kh7 39. Kg2 h5 40. h4 Kg8 41. Kf3 Kh7 42. Ke2 Kg8 43. Qd3 Qe6 44. Qd5 Qg4+ 45. Ke1 Qf3 46. Qxe5 Qxa3 47. Qe8+ Kg7 48. Qe5+ Kg8 49. Qd4 Qc1+ 50. Ke2 Qc2+ 51. Kf3 Qb3+ 52. Kf4 Qc2 53. f3 Qc7+ 54. e5 a5 55. bxa5 Qxa5 56. Kg5 b4 57. Kh6 Qa8 58. Qxb4 Qe8 59. Qd6 g5 60. Kxg5 Kh7 61. Kxh5 f6+ 62. Kg4 Qg6+ 63. Kf4 Qh6+ 64. Ke4 Qg6+ 65. Kd5 Qd3+ 66. Ke6 Qxf3 67. Qe7+ 1-0


[Site "https://www.chess.com"]

[Event "Titled Tuesday Blitz November 22 Late 2022"]
[White "Milikow, Yoav"]
[Black "Sreyas Payyappat"]
[WhiteFideId "2822237"]
[BlackFideId "46674969"]
[WhiteElo "2341"]
[BlackElo "2083"]
[Result "1-0"]
[Round "02"]
[TimeControl "180+1"]
[Date "2022.11.23"]
[WhiteClock "0:01:00"]
[BlackClock "0:00:19"]

1. d4 Nf6 2. c4 c5 3. d5 e6 4. Nc3 exd5 5. cxd5 d6 6. e4 g6 7. f4 Bg7 8. Bb5+ Nfd7 9. a4 O-O 10. Nf3 Na6 11. O-O Nb4 12. Re1 a6 13. Bf1 Re8 14. Be3 f5 15. exf5 gxf5 16. Ng5 Nf6 17. Ne6 Bxe6 18. dxe6 Rc8 19. Qb1 Rxe6 20. Qxf5 Qe7 21. Bxc5 Rxc5 22. Qxe6+ Qxe6 23. Rxe6 Ng4 24. Rd1 Nc2 25. Rexd6 Nce3 26. Rd8+ Kf7 27. R1d7+ Kg6 28. Rg8 Nf5 29. Bd3 Kh6 30. Bxf5 Nf6 31. Rdxg7 Nxg8 32. Rxh7# 1-0


[Site "https://www.chess.com"]

[Event "Titled Tuesday Blitz November 22 Late 2022"]
[White "Milosevic, Milos"]
[Black "Filgueira, Hernan"]
[WhiteFideId "964875"]
[BlackFideId "101770"]
[WhiteElo "2321"]
[BlackElo "2363"]
[Result "0-1"]
[Round "02"]
[TimeControl "180+1"]
[Date "2022.11.23"]
[WhiteClock "0:00:04"]
[BlackClock "0:00:56"]

1. e4 e5 2. Nf3 Nc6 3. d4 exd4 4. Bc4 d6 5. Nxd4 Nf6 6. Nc3 Be7 7. f3 O-O 8. Be3 Ne5 9. Bb3 c5 10. Nf5 c4 11. Nxe7+ Qxe7 12. Ba4 a6 13. Qd4 b5 14. Nxb5 axb5 15. Bxb5 Ba6 16. Bxa6 Rxa6 17. O-O Rc8 18. a3 h6 19. Rad1 c3 20. b3 Ne8 21. a4 Ng6 22. f4 Nf6 23. f5 Ne5 24. Bf4 Raa8 25. h3 Ne8 26. Rfe1 Qa7 27. Qxa7 Rxa7 28. Re3 f6 29. Bxe5 fxe5 30. Rd5 Kf7 31. g4 Ke7 32. Kf2 Nf6 33. Rdd3 Rac7 34. Kf3 d5 35. exd5 e4+ 36. Rxe4+ Nxe4 37. Kxe4 Kd6 38. b4 Rc4+ 39. Ke3 Rxb4 0-1


[Site "https://www.chess.com"]

[Event "Titled Tuesday Blitz November 22 Late 2022"]
[White "Mladek, Richard"]
[Black "Martinez Alcantara, Jose Eduardo"]
[WhiteFideId "386588"]
[BlackFideId "3805662"]
[WhiteElo "2271"]
[BlackElo "2705"]
[Result "0-1"]
[Round "02"]
[TimeControl "180+1"]
[Date "2022.11.22"]
[WhiteClock "0:00:18"]
[BlackClock "0:02:01"]

1. d4 Nf6 2. c4 e6 3. Nc3 Bb4 4. e3 O-O 5. Bd2 Bxc3 6. Bxc3 Ne4 7. Bb4 d6 8. Bd3 Nf6 9. Nf3 b6 10. O-O Bb7 11. Re1 Nbd7 12. e4 c5 13. Ba3 e5 14. d5 Re8 15. h3 Nf8 16. b4 cxb4 17. Bxb4 Qc7 18. a4 a5 19. Bd2 N8d7 20. Bg5 h6 21. Bh4 Ba6 22. Nd2 Nh7 23. Rc1 Nhf8 24. Nf1 Nc5 25. Ng3 Bc8 26. Nf5 Ng6 27. Bg3 Bd7 28. Bc2 Ne7 29. Ne3 Rac8 30. h4 Qd8 31. h5 Kh8 32. Bh4 f6 33. g3 Rf8 34. f4 Qe8 35. f5 Bxa4 36. Bxa4 Qxa4 37. Qf3 Nd3 38. Ra1 Nxe1 39. Rxe1 b5 40. Ng4 Qxc4 41. Kh2 Qc3 42. Re3 Qc1 0-1


[Site "https://www.chess.com"]

[Event "Titled Tuesday Blitz November 22 Late 2022"]
[White "Mohammed, Zozek Salah Mohammed"]
[Black "Bongo Akanga Ndjila, Barthelemy"]
[WhiteFideId "4803361"]
[BlackFideId "10609431"]
[WhiteElo "2199"]
[BlackElo "1768"]
[Result "1-0"]
[Round "02"]
[TimeControl "180+1"]
[Date "2022.11.23"]
[WhiteClock "0:01:31"]
[BlackClock "0:01:09"]

1. d4 d5 2. c4 dxc4 3. Nf3 e6 4. e3 Nf6 5. Bxc4 c5 6. O-O cxd4 7. exd4 Nc6 8. Nc3 Be7 9. d5 exd5 10. Nxd5 Nxd5 11. Bxd5 O-O 12. Be3 Bg4 13. h3 Bh5 14. Rc1 Rc8 15. a3 a6 16. b4 Ne5 17. Bxb7 Rxc1 18. Bxc1 Qxd1 19. Rxd1 Nxf3+ 20. Bxf3 Bxf3 21. gxf3 Ra8 22. Rd7 Bf6 23. Be3 g6 24. a4 Kg7 25. b5 axb5 26. axb5 Ra1+ 27. Kg2 Rb1 28. b6 Be5 29. b7 h6 30. f4 Bb8 31. Bd4+ Kh7 32. Rd8 g5 33. f5 Rxb7 34. Rh8# 1-0


[Site "https://www.chess.com"]

[Event "Titled Tuesday Blitz November 22 Late 2022"]
[White "Naroditsky, Daniel"]
[Black "Piesik, Piotr"]
[WhiteFideId "2026961"]
[BlackFideId "1136194"]
[WhiteElo "2628"]
[BlackElo "2316"]
[Result "1-0"]
[Round "02"]
[TimeControl "180+1"]
[Date "2022.11.22"]
[WhiteClock "0:00:11"]
[BlackClock "0:00:13"]

1. e4 g6 2. d4 Bg7 3. Nc3 c6 4. Be3 d5 5. f3 dxe4 6. fxe4 Nf6 7. Nf3 Ng4 8. Bg1 e5 9. dxe5 Qxd1+ 10. Rxd1 Nxe5 11. Bc5 Nbd7 12. Bd6 Nxf3+ 13. gxf3 Be5 14. Bxe5 Nxe5 15. f4 Nd7 16. Kf2 a5 17. a4 Nc5 18. Ke3 Be6 19. Be2 Ke7 20. b3 Rad8 21. Rxd8 Rxd8 22. Rf1 f5 23. e5 Bd5 24. h4 Be4 25. Nxe4 Nxe4 26. Bd3 Nc5 27. h5 Kf7 28. Rh1 Kg7 29. h6+ Kf7 30. Bc4+ Ke7 31. Rg1 Ne4 32. Bd3 Nc5 33. Bc4 Ne4 34. Bd3 Nc5 35. Be2 Ne4 36. Rd1 Rxd1 37. Bxd1 Nc5 38. Be2 Ne6 39. Bc4 Kd7 40. c3 Ke7 41. b4 b6 42. bxa5 bxa5 43. Bxe6 Kxe6 44. Kd4 Ke7 45. Kc5 Ke6 46. Kxc6 g5 47. fxg5 f4 48. g6 f3 49. g7 Kf7 50. e6+ 1-0


[Site "https://www.chess.com"]

[Event "Titled Tuesday Blitz November 22 Late 2022"]
[White "Nasuta, Grzegorz"]
[Black "Praggnanandhaa R"]
[WhiteFideId "1141686"]
[BlackFideId "25059530"]
[WhiteElo "2440"]
[BlackElo "2599"]
[Result "1-0"]
[Round "02"]
[TimeControl "180+1"]
[Date "2022.11.22"]
[WhiteClock "0:00:12"]
[BlackClock "0:00:04"]

1. e4 c5 2. Nf3 Nc6 3. Bb5 d6 4. O-O Bd7 5. Re1 Nf6 6. c3 a6 7. Bf1 Bg4 8. h3 Bxf3 9. Qxf3 g6 10. d3 Bg7 11. Be3 O-O 12. Nd2 b5 13. Qd1 Nd7 14. Nf3 b4 15. d4 Qa5 16. Qc2 bxc3 17. bxc3 cxd4 18. cxd4 Rfc8 19. Rec1 Qd8 20. Qd2 a5 21. Bb5 Na7 22. Bf1 Nf6 23. Qd3 Nc6 24. a3 Rab8 25. Rc2 a4 26. Rac1 Na5 27. Rxc8 Rxc8 28. Rxc8 Qxc8 29. Qb5 Nc6 30. e5 dxe5 31. dxe5 Nd7 32. e6 fxe6 33. Qxa4 Nde5 34. Nxe5 Nxe5 35. Qb3 Kf7 36. a4 Nc6 37. Qb6 Bc3 38. Qc5 Bb4 39. Qc2 Qb7 40. Qe4 Qd7 41. Qf3+ Kg7 42. Bb5 1-0


[Site "https://www.chess.com"]

[Event "Titled Tuesday Blitz November 22 Late 2022"]
[White "Obrien, Matthew"]
[Black "Wirig, Anthony"]
[WhiteFideId "2059150"]
[BlackFideId "615013"]
[WhiteElo "2610"]
[BlackElo "2487"]
[Result "0-1"]
[Round "02"]
[TimeControl "180+1"]
[Date "2022.11.22"]
[WhiteClock "0:00:03"]
[BlackClock "0:00:08"]

1. e4 c5 2. Nf3 e6 3. d4 cxd4 4. Nxd4 Qb6 5. Nb3 Nc6 6. Nc3 Nf6 7. Be3 Qc7 8. Bd3 Be7 9. O-O a6 10. f4 d5 11. e5 Nd7 12. Qg4 g6 13. a4 b6 14. Kh1 Nc5 15. a5 Nxa5 16. Nxa5 bxa5 17. Ra2 Bd7 18. Bd4 Rb8 19. h3 Rb4 20. Ne2 Nxd3 21. cxd3 Qc2 22. Qf3 O-O 23. f5 exf5 24. Bc3 Ra4 25. Nd4 Rxd4 26. Bxd4 a4 27. Raa1 Qb3 28. e6 Bxe6 29. Qf4 Qb8 30. Be5 Qb4 31. Qh6 f6 32. Bc3 Qd6 33. Rxa4 Rf7 34. Rfa1 Bf8 35. Qh4 Bc8 36. Re1 g5 37. Qf2 f4 38. Qd4 Qd7 39. Ra5 Bb7 40. Bb4 Bg7 41. Qc5 h5 42. Qc3 d4 43. Qc4 Qxh3+ 0-1


[Site "https://www.chess.com"]

[Event "Titled Tuesday Blitz November 22 Late 2022"]
[White "Omariev, Maksim"]
[Black "Gorodetzky, David"]
[WhiteFideId "4193423"]
[BlackFideId "2813416"]
[WhiteElo "2414"]
[BlackElo "2497"]
[Result "0-1"]
[Round "02"]
[TimeControl "180+1"]
[Date "2022.11.23"]
[WhiteClock "0:00:31"]
[BlackClock "0:01:23"]

1. e4 c6 2. d4 d5 3. Nc3 g6 4. Nf3 Bg7 5. h3 dxe4 6. Nxe4 Nf6 7. Nxf6+ exf6 8. Bd3 O-O 9. O-O Nd7 10. c3 Re8 11. Bf4 Nb6 12. Qd2 Be6 13. Rfe1 Qd7 14. a4 a5 15. Qc2 Bd5 16. Nd2 f5 17. b3 Rac8 18. Nf1 Be6 19. Be5 Bxe5 20. Rxe5 Qd6 21. Rxa5 Nd5 22. Re1 Qc7 23. b4 b6 24. Ra6 Qb7 25. b5 cxb5 26. Bxb5 Nb4 27. Qd3 Nxd3 0-1


[Site "https://www.chess.com"]

[Event "Titled Tuesday Blitz November 22 Late 2022"]
[White "Ozdemir, Serhan Berat"]
[Black "Zakarian, David"]
[WhiteFideId "6374611"]
[BlackFideId "13301276"]
[WhiteElo "2016"]
[BlackElo "2302"]
[Result "1-0"]
[Round "02"]
[TimeControl "180+1"]
[Date "2022.11.23"]
[WhiteClock "0:01:57"]
[BlackClock "0:02:00"]

1. e4 Nc6 2. Nf3 d6 3. d4 Nf6 4. Nc3 Bg4 5. Be3 e6 6. h3 Bh5 7. Bb5 a6 8. Ba4 Nd7 9. d5 exd5 10. Nxd5 Be7 11. Qd2 Bxf3 12. gxf3 Nde5 13. Qe2 b5 14. Bb3 O-O 15. f4 Nc4 16. Bxc4 bxc4 17. Qxc4 Qd7 18. Qxc6 1-0


[Site "https://www.chess.com"]

[Event "Titled Tuesday Blitz November 22 Late 2022"]
[White "Paiva, Henrique M A Albergaria"]
[Black "Mgeladze, Tamaz"]
[WhiteFideId "1920995"]
[BlackFideId "13601202"]
[WhiteElo "1953"]
[BlackElo "2288"]
[Result "1-0"]
[Round "02"]
[TimeControl "180+1"]
[Date "2022.11.23"]
[WhiteClock "0:00:54"]
[BlackClock "0:00:51"]

1. Nf3 Nf6 2. d4 g6 3. c4 Bg7 4. Nc3 O-O 5. e4 d6 6. h3 e5 7. d5 a5 8. Be3 Na6 9. Be2 Nd7 10. Nd2 Ndc5 11. h4 f5 12. f3 h5 13. a3 Bd7 14. Qc2 Kh7 15. Nb3 Bh6 16. Bxh6 Kxh6 17. Nxc5 Nxc5 18. O-O-O fxe4 19. Nxe4 Bf5 20. Qd2+ Kg7 21. Nxc5 dxc5 22. Bd3 Ra6 23. Qe3 Bxd3 24. Qxe5+ Qf6 25. Qxf6+ Rfxf6 26. Rxd3 Rf4 27. Rc3 Ra8 28. g3 Rd4 29. Rd1 Re8 30. Rxd4 cxd4 31. Rd3 Re1+ 32. Kc2 Rg1 33. f4 Kf6 34. c5 Kf5 35. d6 cxd6 36. cxd6 Ke6 37. Rxd4 Kd7 38. Rd3 a4 39. Kc3 Rg2 40. b3 axb3 41. Kxb3 Re2 42. Kc4 Rc2+ 43. Kd5 Rb2 44. Ke5 Re2+ 45. Kf6 Re6+ 46. Kg5 b5 47. f5 gxf5 48. Kxh5 Re4 49. Kg5 Re5 50. h5 f4+ 51. Kxf4 Rxh5 52. g4 Rh3 53. Rxh3 1-0


[Site "https://www.chess.com"]

[Event "Titled Tuesday Blitz November 22 Late 2022"]
[White "Pakleza, Zbigniew"]
[Black "Feng, Eric"]
[WhiteFideId "1119290"]
[BlackFideId "30952590"]
[WhiteElo "2411"]
[BlackElo "1785"]
[Result "1-0"]
[Round "02"]
[TimeControl "180+1"]
[Date "2022.11.23"]
[WhiteClock "0:00:03"]
[BlackClock "0:00:12"]

1. d4 Nf6 2. Nf3 e6 3. Bf4 d5 4. e3 Bd6 5. Bg3 O-O 6. Nbd2 Qe7 7. Bd3 Nbd7 8. Ne5 Ne8 9. f4 f6 10. Bxh7+ Kxh7 11. Qh5+ Kg8 12. Ng6 Qd8 13. Nf3 c5 14. O-O c4 15. Bh4 Be7 16. g4 Nd6 17. Nfe5 Nf7 18. Nxf7 Kxf7 19. f5 exf5 20. gxf5 Kg8 21. Rf3 Re8 22. Rg3 Nf8 23. Qh8+ Kf7 24. Ne5+ fxe5 25. Rxg7# 1-0


[Site "https://www.chess.com"]

[Event "Titled Tuesday Blitz November 22 Late 2022"]
[White "Pan, Kevin"]
[Black "Madaminov, Mukhiddin"]
[WhiteFideId "30915708"]
[BlackFideId "14210703"]
[WhiteElo "2233"]
[BlackElo "2341"]
[Result "1-0"]
[Round "02"]
[TimeControl "180+1"]
[Date "2022.11.23"]
[WhiteClock "0:00:14"]
[BlackClock "0:00:03"]

1. e4 e5 2. Nf3 Nc6 3. Bb5 a6 4. Ba4 Nf6 5. Bxc6 bxc6 6. d3 d6 7. Nbd2 Be7 8. Nc4 O-O 9. O-O Be6 10. Ne3 Ng4 11. d4 Nxe3 12. Bxe3 f6 13. Nh4 Qd7 14. g3 Bh3 15. Ng2 Rab8 16. b3 Qe8 17. f4 exd4 18. Qxd4 Kh8 19. Rf2 c5 20. Qd2 f5 21. e5 Qc6 22. Re1 Rbd8 23. Qc3 d5 24. Bc1 d4 25. Qd2 c4 26. Qe2 d3 27. cxd3 cxd3 28. Qb2 Bc5 29. Be3 Bxe3 30. Nxe3 Qe4 31. Qd2 Rfe8 32. Nc4 Qc6 33. Re3 Qd5 34. Rff3 Qd4 35. Rf2 Qa1+ 36. Re1 Qd4 37. Re3 h6 38. Rff3 Qa1+ 39. Re1 Qd4+ 40. Qe3 d2 41. Rd1 Bg4 42. Rxd2 Qxe3+ 43. Rxe3 Rxd2 44. Nxd2 Rd8 45. Nc4 Bh3 46. Re1 Kg8 47. Kf2 Kf7 48. Ke3 Bg4 49. Rh1 Ke6 50. h3 Bh5 51. Rh2 Rd1 52. Rd2 Re1+ 53. Kf2 Rh1 54. h4 Ra1 55. Ne3 Bg4 56. Rc2 Kd7 57. Nxg4 fxg4 58. Ke3 c6 59. f5 Rf1 60. Rd2+ Ke7 61. e6 Rxf5 62. Ke4 Kxe6 63. Rc2 Re5+ 64. Kf4 c5 65. Kxg4 Rd5 66. Re2+ Kd6 67. Rf2 h5+ 68. Kh3 Ke6 69. Rf8 Rd1 70. Ra8 Rh1+ 71. Kg2 Rb1 72. Rxa6+ Kd5 73. Ra7 Rb2+ 74. Kf3 g6 75. Rg7 Rxa2 76. Rxg6 Ra3 77. Rg5+ Kd4 78. Rxh5 Rxb3+ 79. Kf4 c4 80. Rh8 c3 81. Rc8 Kd3 82. g4 Rb4+ 83. Kf3 c2 84. Rxc2 Kxc2 85. h5 Kd3 86. h6 Kd4 87. Kf4 Kd5+ 88. Kf5 Kd6 89. h7 Rb8 90. Kf6 Kd5 91. g5 Ke4 92. g6 Rb6+ 93. Kg7 Rb7+ 94. Kh6 Rb8 95. g7 Kf5 96. h8=Q Rb6+ 97. Kh5 Rb1 98. Qf8+ Ke6 99. g8=Q+ 1-0


[Site "https://www.chess.com"]